BSA
SAN FRANCISCO BANDITS @ LOS CABOS CARTEL
08/03/2024
 
TOP OF THE 1ST
San Francisco Bandits batting - Pitching for Los Cabos Cartel : RHP Marty Burgess
Pitching: RHP Marty Burgess
Batting: RHB Pete Rideout 0-0: Swinging Strike
0-1: Ball
1-1: Foul Ball, location: 2F
1-2: Strikes out swinging
Batting: SHB Vicente Ricks 0-0: Fly out, F7 (Flyball, 7S)
Batting: RHB Jorge Morales 0-0: Foul Ball, location: 2F
0-1: Ball
1-1: Swinging Strike
1-2: Strikes out swinging
Top of the 1st over - 0 run(s), 0 hit(s), 0 error(s), 0 left on base; San Francisco 0 - Los Cabos 0
BOTTOM OF THE 1ST
Los Cabos Cartel batting - Pitching for San Francisco Bandits : LHP António Coronado
Pitching: LHP António Coronado
Batting: LHB Manny Quiñones 0-0: Ball
1-0: Ball
2-0: Ball
3-0: Foul Ball, location: 2F
3-1: Swinging Strike
3-2: Ground out 6-3 (Groundball, 6M)
Batting: RHB Sam Wallace 0-0: Called Strike
0-1: Foul Ball, location: 2F
0-2: Ball
1-2: Strikes out swinging
Batting: LHB José Rivas 0-0: Ball
1-0: SINGLE (Flyball, 89S)
Batting: RHB Oliver Lugo 0-0: Called Strike
0-1: Ball
1-1: Foul Ball, location: 2F
1-2: Ball
2-2: Strikes out swinging
Bottom of the 1st over - 0 run(s), 1 hit(s), 0 error(s), 1 left on base; San Francisco 0 - Los Cabos 0
TOP OF THE 2ND
San Francisco Bandits batting - Pitching for Los Cabos Cartel : RHP Marty Burgess
Batting: RHB Michael Elliott 0-0: Called Strike
0-1: Foul Ball, location: 2F
0-2: Ball
1-2: Ball
2-2: Foul Ball, location: 2F
2-2: Foul Ball, location: 2F
2-2: Strikes out swinging
Batting: RHB Cory Foster 0-0: Called Strike
0-1: Swinging Strike
0-2: Strikes out swinging
Batting: LHB Francisco Calderón 0-0: Foul Ball, location: 2F
0-1: Ball
1-1: Ball
2-1: Ball
3-1: Called Strike
3-2: SOLO HOME RUN (Flyball, 89XD), Distance : 388 ft
Batting: RHB Ramón Ruíz 0-0: Called Strike
0-1: Swinging Strike
0-2: Ball
1-2: Strikes out swinging
Top of the 2nd over - 1 run(s), 1 hit(s), 0 error(s), 0 left on base; San Francisco 1 - Los Cabos 0
BOTTOM OF THE 2ND
Los Cabos Cartel batting - Pitching for San Francisco Bandits : LHP António Coronado
Batting: LHB Luis González 0-0: Fly out, F9 (Flyball, 9D)
Batting: RHB Víctor Solano 0-0: Ball
1-0: Called Strike
1-1: SINGLE (Line Drive, 7S)
Batting: RHB Edgardo Madrid 0-0: Ball
1-0: Fly out, F7 (Flyball, 78XD)
Runner from 1st tags up, OUT at 2nd
Bottom of the 2nd over - 0 run(s), 1 hit(s), 0 error(s), 0 left on base; San Francisco 1 - Los Cabos 0
TOP OF THE 3RD
San Francisco Bandits batting - Pitching for Los Cabos Cartel : RHP Marty Burgess
Batting: RHB Susumu Sugiyama 0-0: Ball
1-0: Ball
2-0: Ground out 5-3 (Groundball, 56)
Batting: RHB Jorge Díaz 0-0: Called Strike
0-1: Ground out 1-3 (Groundball, 13)
Batting: RHB Pete Rideout 0-0: Called Strike
0-1: Foul Ball, location: 2F
0-2: Ball
1-2: Strikes out swinging
Top of the 3rd over - 0 run(s), 0 hit(s), 0 error(s), 0 left on base; San Francisco 1 - Los Cabos 0
BOTTOM OF THE 3RD
Los Cabos Cartel batting - Pitching for San Francisco Bandits : LHP António Coronado
Batting: RHB Stephen Wilson 0-0: Ball
1-0: Ball
2-0: Foul Ball, location: 2F
2-1: Fly out, F6 (Popup, 6S)
Batting: LHB Marc Brown 0-0: Ball
1-0: Called Strike
1-1: Foul Ball, location: 2F
1-2: Ball
2-2: Ball
3-2: Strikes out swinging
Batting: LHB Manny Quiñones 0-0: Swinging Strike
0-1: Foul Ball, location: 2F
0-2: Strikes out swinging
Bottom of the 3rd over - 0 run(s), 0 hit(s), 0 error(s), 0 left on base; San Francisco 1 - Los Cabos 0
TOP OF THE 4TH
San Francisco Bandits batting - Pitching for Los Cabos Cartel : RHP Marty Burgess
Batting: SHB Vicente Ricks 0-0: Ball
1-0: Called Strike
1-1: Ball
2-1: Ball
3-1: Foul Ball, location: 2F
3-2: Ground out 4-3 (Groundball, 4)
Batting: RHB Jorge Morales 0-0: Foul Ball, location: 2F
0-1: Ball
1-1: Ball
2-1: Swinging Strike
2-2: Strikes out swinging
Batting: RHB Michael Elliott 0-0: Called Strike
0-1: Ball
1-1: Swinging Strike
1-2: Strikes out looking
Top of the 4th over - 0 run(s), 0 hit(s), 0 error(s), 0 left on base; San Francisco 1 - Los Cabos 0
BOTTOM OF THE 4TH
Los Cabos Cartel batting - Pitching for San Francisco Bandits : LHP António Coronado
Batting: RHB Sam Wallace 0-0: Called Strike
0-1: Ball
1-1: Foul Ball, location: 2F
1-2: Strikes out swinging
Batting: LHB José Rivas 0-0: Ball
1-0: Called Strike
1-1: Fly out, F3 (Line Drive, 3)
Batting: RHB Oliver Lugo 0-0: Ground out 5-3 (Groundball, 5)
Bottom of the 4th over - 0 run(s), 0 hit(s), 0 error(s), 0 left on base; San Francisco 1 - Los Cabos 0
TOP OF THE 5TH
San Francisco Bandits batting - Pitching for Los Cabos Cartel : RHP Marty Burgess
Batting: RHB Cory Foster 0-0: Ground out 1-3 (Groundball, 23)
Batting: LHB Francisco Calderón 0-0: Ball
1-0: DOUBLE (Flyball, 89D)
Batting: RHB Ramón Ruíz 0-0: Ground out 5-3 (Groundball, 5S)
Francisco Calderón to third
Batting: RHB Susumu Sugiyama 0-0: Called Strike
0-1: Foul Ball, location: 2F
0-2: Ball
1-2: SINGLE (Groundball, 6MD)
Francisco Calderón scores
Batting: RHB Jorge Díaz 0-0: Ball
1-0: Ball
2-0: Swinging Strike
2-1: Swinging Strike
2-2: Strikes out looking
Top of the 5th over - 1 run(s), 2 hit(s), 0 error(s), 1 left on base; San Francisco 2 - Los Cabos 0
BOTTOM OF THE 5TH
Los Cabos Cartel batting - Pitching for San Francisco Bandits : LHP António Coronado
Now at SS: John Peterson
Batting: LHB Luis González 0-0: Ball
1-0: SINGLE (Line Drive, 9S)
Batting: RHB Víctor Solano 0-0: Swinging Strike
0-1: Ball
1-1: Ball
2-1: Swinging Strike
2-2: SINGLE (Line Drive, 6MD)
Luis González to second
Batting: RHB Edgardo Madrid 0-0: Ball
1-0: Ball
2-0: Ball
3-0: Foul Ball, location: 2F
3-1: Foul Ball, location: 2F
3-2: SINGLE (Line Drive, 4)
Luis González to third
Víctor Solano to second
Runner from 3rd tries for Home, SAFE, no throw or cutoff
Batting: RHB Stephen Wilson 0-0: Called Strike
0-1: Ball
1-1: SINGLE (Groundball, 6MD)
Víctor Solano to third
Edgardo Madrid to second
Batting: LHB Marc Brown 0-0: Called Strike
0-1: Grounds into double play, 3-2-3 (Groundball, 3)
Edgardo Madrid to third
Stephen Wilson to second
Batting: LHB Manny Quiñones 0-0: Ball
1-0: Ground out 4-3 (Groundball, 4M)
Bottom of the 5th over - 1 run(s), 4 hit(s), 0 error(s), 2 left on base; San Francisco 2 - Los Cabos 1
TOP OF THE 6TH
San Francisco Bandits batting - Pitching for Los Cabos Cartel : RHP Marty Burgess
Batting: RHB Pete Rideout 0-0: Ball
1-0: Ground out 4-3 (Groundball, 4M)
Batting: SHB Vicente Ricks 0-0: Called Strike
0-1: Called Strike
0-2: Strikes out looking
Batting: RHB Jorge Morales 0-0: Ground out 6-3 (Groundball, 6)
Top of the 6th over - 0 run(s), 0 hit(s), 0 error(s), 0 left on base; San Francisco 2 - Los Cabos 1
BOTTOM OF THE 6TH
Los Cabos Cartel batting - Pitching for San Francisco Bandits : LHP António Coronado
Batting: RHB Sam Wallace 0-0: Ball
1-0: Called Strike
1-1: Foul Ball, location: 2F
1-2: Ball
2-2: Ball
3-2: Fly out, F9 (Flyball, 89M)
Batting: LHB José Rivas 0-0: Called Strike
0-1: Ball
1-1: Called Strike
1-2: Ball
2-2: Ball
3-2: Strikes out swinging
Batting: RHB Oliver Lugo 0-0: Ball
1-0: Ground out 6-3 (Groundball, 6)
Bottom of the 6th over - 0 run(s), 0 hit(s), 0 error(s), 0 left on base; San Francisco 2 - Los Cabos 1
TOP OF THE 7TH
San Francisco Bandits batting - Pitching for Los Cabos Cartel : RHP Marty Burgess
Batting: RHB Michael Elliott 0-0: Foul Ball, location: 2F
0-1: Foul Ball, location: 2F
0-2: Ball
1-2: Strikes out swinging
Batting: RHB Cory Foster 0-0: Ball
1-0: Ground out 5-3 (Groundball, 5L)
Batting: LHB Francisco Calderón 0-0: Called Strike
0-1: Foul Ball, location: 2F
0-2: Ball
1-2: Ball
2-2: Ball
3-2: Foul Ball, location: 2F
3-2: Strikes out swinging
Top of the 7th over - 0 run(s), 0 hit(s), 0 error(s), 0 left on base; San Francisco 2 - Los Cabos 1
BOTTOM OF THE 7TH
Los Cabos Cartel batting - Pitching for San Francisco Bandits : LHP António Coronado
Batting: LHB Luis González 0-0: Ground out U3 (Groundball, 3L)
Batting: RHB Víctor Solano 0-0: Called Strike
0-1: Called Strike
0-2: Strikes out looking
Batting: RHB Edgardo Madrid 0-0: Called Strike
0-1: Ball
1-1: Ball
2-1: Called Strike
2-2: Fly out, F8 (Flyball, 8LXD)
Bottom of the 7th over - 0 run(s), 0 hit(s), 0 error(s), 0 left on base; San Francisco 2 - Los Cabos 1
TOP OF THE 8TH
San Francisco Bandits batting - Pitching for Los Cabos Cartel : RHP Marty Burgess
Batting: RHB Ramón Ruíz 0-0: Swinging Strike
0-1: Called Strike
0-2: Ball
1-2: Ball
2-2: Strikes out looking
Batting: RHB Susumu Sugiyama 0-0: Ball
1-0: Swinging Strike
1-1: Swinging Strike
1-2: Ground out 4-3 (Groundball, 4M)
Batting: LHB John Peterson 0-0: Called Strike
0-1: Ball
1-1: Ball
2-1: Foul Ball, location: 2F
2-2: Ball
3-2: Foul Ball, location: 2F
3-2: Base on Balls
Pitching: RHP Jorge Jiménez
Pinch Hitting: LHB Germán Rivas 0-0: Swinging Strike
0-1: Called Strike
0-2: Strikes out swinging
Top of the 8th over - 0 run(s), 0 hit(s), 0 error(s), 1 left on base; San Francisco 2 - Los Cabos 1
BOTTOM OF THE 8TH
Los Cabos Cartel batting - Pitching for San Francisco Bandits : LHP António Coronado
Pitching: RHP Pedro Castillo
Now at 2B: Culley Douglas
Batting: RHB Stephen Wilson 0-0: Ball
1-0: SINGLE (Groundball, 4MD) (infield hit)
Pitching: RHP José Rivera
Batting: LHB Marc Brown 0-0: Ball
1-0: Bunted foul
1-1: Sac Bunt - play at second, runner OUT! 1-6
Batting: LHB Manny Quiñones 0-0: Ball
1-0: Ball
2-0: SINGLE (Popup, 8LS)
Marc Brown to second
Batting: RHB Sam Wallace 0-0: Ball
1-0: Called Strike
1-1: Foul Ball, location: 2F
1-2: Strikes out looking
Batting: LHB José Rivas 0-0: Ball
1-0: Called Strike
1-1: Ball
2-1: Foul Ball, location: 2F
2-2: Ball
3-2: Base on Balls
Marc Brown to third
Manny Quiñones to second
Batting: RHB Oliver Lugo 0-0: Ball
1-0: Ball
2-0: Swinging Strike
2-1: Ball
3-1: Base on Balls
Marc Brown scores
Manny Quiñones to third
José Rivas to second
Batting: LHB Luis González 0-0: Ball
1-0: Ball
2-0: Fly out, F7 (Flyball, 7S)
Bottom of the 8th over - 1 run(s), 2 hit(s), 0 error(s), 3 left on base; San Francisco 2 - Los Cabos 2
TOP OF THE 9TH
San Francisco Bandits batting - Pitching for Los Cabos Cartel : RHP Jorge Jiménez
Pitching: RHP Juan Nieto
Batting: SHB Vicente Ricks 0-0: Called Strike
0-1: Ground out 6-3 (Groundball, 6M)
Batting: RHB Jorge Morales 0-0: Called Strike
0-1: Called Strike
0-2: Strikes out swinging
Pinch Hitting: LHB Charles-Antoine Champagne 0-0: Ball
1-0: Called Strike
1-1: Swinging Strike
1-2: Ball
2-2: Strikes out swinging
Top of the 9th over - 0 run(s), 0 hit(s), 0 error(s), 0 left on base; San Francisco 2 - Los Cabos 2
BOTTOM OF THE 9TH
Los Cabos Cartel batting - Pitching for San Francisco Bandits : RHP José Rivera
Now in RF: Charles-Antoine Champagne
Batting: RHB Víctor Solano 0-0: Ball
1-0: Swinging Strike
1-1: Ball
2-1: Ball
3-1: Foul Ball, location: 2F
3-2: Foul Ball, location: 2F
3-2: Strikes out swinging
Pitching: RHP Mal Park
Batting: RHB Edgardo Madrid 0-0: Called Strike
0-1: Swinging Strike
0-2: Ground out 1-3 (Groundball, 13S)
Batting: RHB Stephen Wilson 0-0: Ball
1-0: SINGLE (Groundball, 15S) (infield hit)
Batting: LHB Marc Brown 0-0: Ground out 4-3 (Groundball, 4)
Bottom of the 9th over - 0 run(s), 1 hit(s), 0 error(s), 1 left on base; San Francisco 2 - Los Cabos 2
TOP OF THE 10TH
San Francisco Bandits batting - Pitching for Los Cabos Cartel : RHP Juan Nieto
Batting: RHB Cory Foster 0-0: Called Strike
0-1: Ball
1-1: Called Strike
1-2: Ground out 6-3 (Groundball, 6)
Batting: LHB Francisco Calderón 0-0: Ball
1-0: Ground out 4-3 (Groundball, 4)
Batting: RHB Ramón Ruíz 0-0: Called Strike
0-1: Ball
1-1: Ball
2-1: Ball
3-1: Base on Balls
Pitching: RHP Rex Welch
Pinch Runner at 1st Greg Ball:
Batting: RHB Susumu Sugiyama 0-0: Ground out 4-3 (Groundball, 4)
Top of the 10th over - 0 run(s), 0 hit(s), 0 error(s), 1 left on base; San Francisco 2 - Los Cabos 2
BOTTOM OF THE 10TH
Los Cabos Cartel batting - Pitching for San Francisco Bandits : RHP Mal Park
Batting: LHB Manny Quiñones 0-0: Swinging Strike
0-1: Foul Ball, location: 2F
0-2: Ball
1-2: Ball
2-2: Foul Ball, location: 2F
2-2: Ball
3-2: Foul Ball, location: 2F
3-2: Foul Ball, location: 2F
3-2: Base on Balls
Batting: RHB Sam Wallace 0-0: Bunted foul
0-1: Sac Bunt - play at first, batter OUT! 1-4
Manny Quiñones to second
Batting: LHB José Rivas 0-0: Intentional Walk
Batting: RHB Oliver Lugo 0-0: Ball
1-0: Fielders Choice at 2nd, 6-4 (Groundball, 6M)
Manny Quiñones to third
Batting: LHB Luis González 0-0: Ball
Oliver Lugo steals 2nd base
1-0: Intentional Walk
Pitching: RHP Carlos Ruíz
Batting: RHB Víctor Solano 0-0: Fly out, F3 (Popup, 23F)
Bottom of the 10th over - 0 run(s), 0 hit(s), 0 error(s), 3 left on base; San Francisco 2 - Los Cabos 2
TOP OF THE 11TH
San Francisco Bandits batting - Pitching for Los Cabos Cartel : RHP Rex Welch
Batting: LHB John Peterson 0-0: Ball
1-0: Called Strike
1-1: Ball
2-1: Ball
3-1: Foul Ball, location: 2F
3-2: Foul Ball, location: 2F
3-2: Base on Balls
Batting: RHB Culley Douglas 0-0: Bunt missed!
0-1: Bunted foul
0-2: Ball
1-2: Foul Ball, location: 2F
1-2: Ball
2-2: Strikes out swinging
Batting: SHB Vicente Ricks 0-0: Called Strike
John Peterson steals 2nd base
0-1: Swinging Strike
0-2: Ground out 4-3 (Groundball, 4M)
John Peterson to third
Batting: RHB Jorge Morales 0-0: Called Strike
0-1: Ball
1-1: Swinging Strike
1-2: Strikes out swinging
Top of the 11th over - 0 run(s), 0 hit(s), 0 error(s), 1 left on base; San Francisco 2 - Los Cabos 2
BOTTOM OF THE 11TH
Los Cabos Cartel batting - Pitching for San Francisco Bandits : RHP Carlos Ruíz
Batting: RHB Edgardo Madrid 0-0: Foul Ball, location: 2F
0-1: Ball
1-1: Ball
2-1: Fly out, F8 (Flyball, 89M)
Batting: RHB Stephen Wilson 0-0: Called Strike
0-1: Foul Ball, location: 2F
0-2: Ball
1-2: Ball
2-2: SINGLE (Groundball, 5)
Batting: LHB Marc Brown 0-0: Ball
1-0: Ground out 3-1 (Groundball, 34S)
Stephen Wilson to second
Batting: LHB Manny Quiñones 0-0: Intentional Walk
Batting: RHB Sam Wallace 0-0: Called Strike
0-1: Foul Ball, location: 2F
0-2: Ball
1-2: Ball
2-2: Ball
3-2: Ground out 1-3 (Groundball, 13)
Bottom of the 11th over - 0 run(s), 1 hit(s), 0 error(s), 2 left on base; San Francisco 2 - Los Cabos 2
TOP OF THE 12TH
San Francisco Bandits batting - Pitching for Los Cabos Cartel : RHP Rex Welch
Batting: LHB Charles-Antoine Champagne 0-0: Ball
1-0: SOLO HOME RUN (Flyball, 9LD), Distance : 370 ft
Batting: RHB Cory Foster 0-0: DOUBLE (Line Drive, 78D)
Batting: LHB Francisco Calderón 0-0: Intentional Walk
Batting: RHB Greg Ball 0-0: Called Strike
0-1: Ball
1-1: Sac Bunt - play at first, batter OUT! 1-4
Cory Foster to third
Francisco Calderón to second
Batting: RHB Susumu Sugiyama 0-0: Fly out, F8 (Line Drive, 6MD)
Runner from 3rd tags up, SCORES, no throw
Batting: LHB John Peterson 0-0: Ground out 4-3 (Groundball, 4M)
Top of the 12th over - 2 run(s), 2 hit(s), 0 error(s), 1 left on base; San Francisco 4 - Los Cabos 2
BOTTOM OF THE 12TH
Los Cabos Cartel batting - Pitching for San Francisco Bandits : RHP Carlos Ruíz
Batting: LHB José Rivas 0-0: Ball
1-0: Swinging Strike
1-1: Reached on error, E4 (Groundball, 4)
Batting: RHB Oliver Lugo 0-0: Swinging Strike
0-1: SINGLE (Line Drive, 34)
José Rivas to second
Runner from 2nd tries for 3rd, SAFE, throw made to third
Oliver Lugo to second
Batting: LHB Luis González 0-0: Ball
1-0: Called Strike
1-1: Fly out, F7 (Flyball, 7S)
Batting: RHB Víctor Solano 0-0: Ball
1-0: Called Strike
1-1: Ball
2-1: Called Strike
2-2: Foul Ball, location: 2F
2-2: Ground out 1-3 (Groundball, 13S)
Batting: RHB Edgardo Madrid 0-0: Called Strike
0-1: SINGLE (Line Drive, 8LS)
José Rivas scores
Oliver Lugo to third
Runner from 3rd tries for Home, SAFE, no throw or cutoff
Pitching: RHP Masamichi Samurakami
Batting: RHB Stephen Wilson 0-0: Called Strike
0-1: Fly out, F9 (Flyball, 9S)
Bottom of the 12th over - 2 run(s), 2 hit(s), 1 error(s), 1 left on base; San Francisco 4 - Los Cabos 4
TOP OF THE 13TH
San Francisco Bandits batting - Pitching for Los Cabos Cartel : RHP Rex Welch
Batting: RHB Culley Douglas 0-0: Called Strike
0-1: Foul Ball, location: 2F
0-2: Foul Ball, location: 2F
0-2: Ball
1-2: Fly out, F6 (Line Drive, 6M)
Batting: SHB Vicente Ricks 0-0: Called Strike
0-1: Ball
1-1: Ball
2-1: Foul Ball, location: 2F
2-2: Ball
3-2: Fly out, F9 (Flyball, 9LD)
Pitching: RHP Pedro Hernández
Batting: RHB Jorge Morales 0-0: Ball
1-0: Ball
2-0: Ball
3-0: DOUBLE (Groundball, 5L)
Batting: LHB Charles-Antoine Champagne 0-0: Called Strike
0-1: Ball
1-1: Ball
2-1: DOUBLE (Groundball, 3L)
Jorge Morales scores
Batting: RHB Cory Foster 0-0: Ball
1-0: Foul Ball, location: 2F
1-1: Called Strike
1-2: SINGLE (Groundball, 4)
Charles-Antoine Champagne to third
Runner from 3rd tries for Home, SAFE, no throw or cutoff
Batting: LHB Francisco Calderón 0-0: Ball
1-0: Called Strike
1-1: Swinging Strike
1-2: 2-RUN HOME RUN (Flyball, 89XD), Distance : 410 ft
Pitching: LHP Steve Haynes
Batting: RHB Greg Ball 0-0: Ball
1-0: Called Strike
1-1: Foul Ball, location: 2F
1-2: Ball
2-2: Strikes out swinging
Top of the 13th over - 4 run(s), 4 hit(s), 0 error(s), 0 left on base; San Francisco 8 - Los Cabos 4
BOTTOM OF THE 13TH
Los Cabos Cartel batting - Pitching for San Francisco Bandits : RHP Masamichi Samurakami
Batting: LHB Marc Brown 0-0: Ball
1-0: Ball
2-0: Foul Ball, location: 2F
2-1: Called Strike
2-2: Ball
3-2: Foul Ball, location: 2F
3-2: Base on Balls
Batting: LHB Manny Quiñones 0-0: Called Strike
0-1: Grounds into double play, 4-6-3 (Groundball, 4)
Batting: RHB Sam Wallace 0-0: Foul Ball, location: 2F
0-1: Ball
1-1: Ball
2-1: Ground out 5-3 (Groundball, 5S)
Bottom of the 13th over - 0 run(s), 0 hit(s), 0 error(s), 0 left on base; San Francisco 8 - Los Cabos 4
This league is powered by Out of the Park Baseball, the baseball management simulation game for PC, Mac and Linux
Saturday, April 9th, 2016 - OOTP Baseball 16.8 Build 38